[Event "Titled Tuesday Blitz August 22 Late 2023"]
[White "Tanenbaum, Zachary"]
[Black "Graif, William"]
[WhiteFideId "2060850"]
[BlackFideId "2609835"]
[WhiteElo "2699"]
[BlackElo "2517"]
[Result "1-0"]
[Round "6"]
[TimeControl "180+1"]
[Date "2023.08.22"]
[WhiteClock "0:00:16"]
[BlackClock "0:00:01"]
[Board "91"]

1. e4 e5 2. Nf3 Bc5 3. Nxe5 Nc6 4. Nxc6 dxc6 5. d3 Nf6 6. Be2 h5 7. h3 Qd4 8. Be3 Qxb2 9. Nd2 Bxe3 10. fxe3 Be6 11. O-O O-O-O 12. d4 c5 13. d5 Qc3 14. Bd3 Bd7 15. a4 Rhe8 16. Nc4 Nxe4 17. Ra3 Qb4 18. Rb3 Qxa4 19. Ra3 Qb4 20. Rxa7 Bb5 21. Rxf7 Kb8 22. Qa1 Ba6 23. Rxa6 bxa6 24. Na5 Qc3 25. Nc6+ 1-0


[Site "https://www.chess.com"]

[Event "Titled Tuesday Blitz August 22 Late 2023"]
[White "Wu, Derek"]
[Black "Bilan, Danila"]
[WhiteFideId "30914558"]
[BlackFideId "24161918"]
[WhiteElo "2670"]
[BlackElo "2492"]
[Result "1-0"]
[Round "6"]
[TimeControl "180+1"]
[Date "2023.08.22"]
[WhiteClock "0:01:03"]
[BlackClock "0:00:00"]
[Board "92"]

1. e4 c6 2. d4 d5 3. e5 c5 4. dxc5 Nc6 5. f4 Bf5 6. c3 e6 7. Be3 f6 8. Nf3 fxe5 9. fxe5 Nge7 10. Bd3 Bxd3 11. Qxd3 Ng6 12. Bd4 Be7 13. O-O O-O 14. Na3 a6 15. Nc2 Nf4 16. Qd2 Na5 17. Ne3 Rc8 18. b4 Nc4 19. Nxc4 dxc4 20. Rad1 Qd5 21. Be3 Nd3 22. Bg5 Bxg5 23. Qxg5 Rf5 24. Qe3 Rcf8 25. h3 h6 26. Qd4 Qxd4+ 27. Nxd4 Rxe5 28. c6 bxc6 29. Nxc6 Re2 30. Ne7+ Kh7 31. Rxf8 1-0


[Site "https://www.chess.com"]

[Event "Titled Tuesday Blitz August 22 Late 2023"]
[White "WindWhistler11"]
[Black "Koziorowicz, Michal"]
[BlackFideId "21809194"]
[WhiteElo "2486"]
[BlackElo "2659"]
[Result "1-0"]
[Round "6"]
[TimeControl "180+1"]
[Date "2023.08.22"]
[WhiteClock "0:00:18"]
[BlackClock "0:00:07"]
[Board "93"]

1. Nf3 d5 2. g3 c6 3. c4 Nf6 4. Bg2 dxc4 5. a4 Nbd7 6. Na3 g6 7. Nxc4 Bg7 8. O-O O-O 9. Qc2 Nb6 10. Nce5 Be6 11. a5 Nbd7 12. a6 Nxe5 13. Nxe5 Bd5 14. axb7 Rb8 15. Nxc6 Bxc6 16. Qxc6 e6 17. d3 Nd5 18. Bxd5 Qxd5 19. Qxd5 exd5 20. Rxa7 Be5 21. Bf4 Bxf4 22. gxf4 Kg7 23. Rc1 Kf6 24. Rc7 Rfe8 25. e3 h5 26. Ra6+ Re6 27. Ra5 Rb6 28. Rxd5 R8xb7 29. Rxb7 Rxb7 30. h4 Rxb2 31. Kg2 Ke6 32. e4 Rb1 33. f5+ Kf6 34. Rd6+ Ke7 35. Rd5 Rd1 36. fxg6 fxg6 37. Kg3 Ke6 38. Kf4 Rg1 39. Rg5 Rd1 40. Rxg6+ Ke7 41. Rg3 Rd2 42. Rf3 Rd1 43. Kg5 Rg1+ 44. Kxh5 Ke6 45. Rg3 Rf1 46. Rf3 Ke5 47. Kh6 Rh1 48. h5 Ke6 49. Rf5 Rh3 50. Kg6 Rxd3 51. h6 Rd8 52. h7 Ke7 53. f4 Rd6+ 54. Kg7 Rd8 55. Re5+ Kd7 56. Rd5+ Kc7 57. Rxd8 Kxd8 58. e5 Ke7 59. f5 Kd7 60. Kh6 Ke7 61. Kg5 Kf7 62. h8=Q Ke7 63. Qh7+ Kf8 64. f6 Ke8 65. e6 Kf8 66. Kf5 Ke8 67. Ke5 Kf8 68. Kd6 Ke8 69. f7+ Kf8 70. e7# 1-0


[Site "https://www.chess.com"]

[Event "Titled Tuesday Blitz August 22 Late 2023"]
[White "Cheng, Xiao"]
[Black "Fiorito, Joaquin"]
[WhiteFideId "2022915"]
[BlackFideId "180173"]
[WhiteElo "2454"]
[BlackElo "2617"]
[Result "1-0"]
[Round "6"]
[TimeControl "180+1"]
[Date "2023.08.22"]
[WhiteClock "0:00:44"]
[BlackClock "0:01:41"]
[Board "94"]

1. e4 c5 2. Nf3 d6 3. d4 cxd4 4. Nxd4 Nf6 5. Nc3 a6 6. Bc4 e6 7. Bb3 b5 8. f3 Be7 9. Be3 O-O 10. Qd2 Bb7 11. O-O-O Nbd7 12. g4 Nc5 13. Kb1 Rc8 14. h4 Nfd7 15. g5 Qc7 16. h5 Nxb3 17. cxb3 Nc5 18. b4 Nd7 19. g6 Ne5 20. gxf7+ Kxf7 21. Qg2 Bf6 22. Qh3 Rfe8 23. Bc1 Nc4 24. Rd3 Ne5 25. Rdd1 Qc4 26. Nc2 Nd3 27. Ne3 Qxb4 28. Rxd3 Bxc3 29. Nc2 Qa5 30. bxc3 Rc6 31. Bb2 Rc4 32. Rxd6 Bc8 33. Qh4 e5 34. h6 Be6 35. a3 Rxc3 36. Qg5 Qa4 37. Qxg7# 1-0


[Site "https://www.chess.com"]

[Event "Titled Tuesday Blitz August 22 Late 2023"]
[White "Pinheiro, Iung Alicio de O."]
[Black "Pinto, Daniel"]
[WhiteFideId "2104350"]
[BlackFideId "3303144"]
[WhiteElo "2596"]
[BlackElo "2441"]
[Result "0-1"]
[Round "6"]
[TimeControl "180+1"]
[Date "2023.08.22"]
[WhiteClock "0:00:00"]
[BlackClock "0:00:02"]
[Board "95"]

1. d4 Nf6 2. c4 c5 3. d5 d6 4. Nd2 g6 5. e4 Bg7 6. Bd3 O-O 7. Ngf3 e6 8. O-O exd5 9. cxd5 b6 10. Re1 Ba6 11. Qe2 Bxd3 12. Qxd3 a6 13. a4 Nbd7 14. Nc4 Qc7 15. Bf4 Ne8 16. e5 dxe5 17. d6 Qb7 18. Bxe5 Nxe5 19. Nfxe5 Nf6 20. a5 b5 21. Nb6 Rad8 22. d7 c4 23. Qf3 Qc7 24. Nc6 Nxd7 25. Nd5 Qd6 26. Rad1 Qc5 27. Nxd8 Rxd8 28. Ne7+ Kh8 29. Qxf7 Rf8 30. Qe6 Qxf2+ 31. Kh1 Nc5 32. Qe3 Qxe3 33. Rxe3 Bxb2 34. Nd5 Nd3 0-1


[Site "https://www.chess.com"]

[Event "Titled Tuesday Blitz August 22 Late 2023"]
[White "Bazilius, Augustinas"]
[Black "Martinez Reyes, Pedro Ramon"]
[WhiteFideId "12832251"]
[BlackFideId "3901807"]
[WhiteElo "2449"]
[BlackElo "2592"]
[Result "1-0"]
[Round "6"]
[TimeControl "180+1"]
[Date "2023.08.22"]
[WhiteClock "0:00:04"]
[BlackClock "0:00:49"]
[Board "96"]

1. d4 Nf6 2. c4 e5 3. dxe5 Ng4 4. Nf3 Nc6 5. Bg5 Be7 6. Bxe7 Qxe7 7. Nc3 Ncxe5 8. Nd5 Qd6 9. e3 Nf6 10. Nxe5 Qxe5 11. Nxf6+ Qxf6 12. Qd2 d6 13. Bd3 Bf5 14. Bxf5 Qxf5 15. Qd5 Qxd5 16. cxd5 Kd7 17. Kd2 c6 18. Kd3 c5 19. e4 Rhf8 20. Rhe1 Rae8 21. f4 f6 22. a4 b6 23. Rac1 g5 24. g3 Rg8 25. Rg1 Re7 26. Rce1 Reg7 27. fxg5 fxg5 28. Rgf1 Re7 29. Rf5 Rgg7 30. Ref1 a6 31. Rf8 Kc7 32. Ra8 Kb7 33. Rd8 Rd7 34. Rxd7+ Rxd7 35. Rf6 b5 36. axb5 axb5 37. h4 gxh4 38. gxh4 Kb6 39. e5 Ka5 40. e6 Re7 41. Rf7 Re8 42. Ke4 Kb4 43. Rxh7 Kb3 44. Rb7 b4 45. Kf5 Kxb2 46. Kf6 Rh8 47. Kf7 Rh7+ 48. Ke8 Rxb7 49. e7 c4 50. h5 c3 51. h6 c2 52. h7 c1=Q 53. h8=Q+ Qc3 54. Qh2+ Qc2 55. Qxd6 Qc8+ 56. Kf7 Qf5+ 57. Qf6+ Qxf6+ 58. Kxf6 Rb8 59. d6 Kc3 60. d7 b3 61. d8=Q Rb6+ 62. Qxb6 1-0


[Site "https://www.chess.com"]

[Event "Titled Tuesday Blitz August 22 Late 2023"]
[White "Mesa Cruz, Juan Carlos"]
[Black "Grebeniuk, Semen"]
[WhiteFideId "6423400"]
[BlackFideId "14117509"]
[WhiteElo "2429"]
[BlackElo "2575"]
[Result "1-0"]
[Round "6"]
[TimeControl "180+1"]
[Date "2023.08.22"]
[WhiteClock "0:00:09"]
[BlackClock "0:00:12"]
[Board "97"]

1. Nf3 f5 2. d4 Nf6 3. c4 d6 4. g3 g6 5. Bg2 Bg7 6. Nc3 O-O 7. d5 a5 8. O-O Na6 9. a3 Nc5 10. Rb1 a4 11. Be3 Bd7 12. Bd4 b6 13. Re1 h6 14. Nd2 Ng4 15. Bxg7 Kxg7 16. h3 Nf6 17. Kh2 Nh5 18. Bf3 Qe8 19. Bxh5 gxh5 20. e3 Qg6 21. Nf3 Kh7 22. Ne2 e5 23. dxe6 Nxe6 24. Nh4 Qf7 25. Nd4 Ng5 26. Qd3 Rae8 27. Rbc1 Bc8 28. Nb5 Bb7 29. Nc3 Ne4 30. Rc2 Qf6 31. Nd5 Qf7 32. Ng2 Re5 33. Rd1 Ree8 34. h4 Nc5 35. Qe2 Rg8 36. Ngf4 Rg4 37. f3 Rgg8 38. Rcd2 Nb3 39. Rd3 Nc5 40. Rc3 Re5 41. Qf2 Rge8 42. Nd3 Nxd3 43. Rcxd3 R5e6 44. Nf4 Re5 45. Ne2 Qxc4 46. Rd4 Qf7 47. R4d3 R8e7 48. Nc3 Qe6 49. Re1 Ba6 50. Rd4 Rxe3 51. Rxe3 Qxe3 52. Qxe3 Rxe3 53. Rf4 Kg6 54. Rxa4 Bb7 55. Rd4 Bxf3 56. Kg1 Be4 57. Kf2 Rf3+ 58. Ke2 Rxg3 59. Nxe4 fxe4 60. Rxe4 Rg4 61. Re7 Rc4 62. Kd3 Rc5 63. b4 Rc6 64. a4 Kf6 65. Rh7 Kg6 66. Re7 Kf5 67. Kd4 Kg4 68. Re4+ Kg3 69. Re3+ Kxh4 70. Rc3 Rxc3 71. Kxc3 Kg3 72. a5 bxa5 73. bxa5 h4 74. a6 h3 75. a7 c6 76. a8=Q h2 77. Qxc6 Kf2 78. Qh1 Kg3 79. Kd4 h5 80. Kd5 Kh3 81. Kxd6 Kg3 82. Ke5 h4 83. Ke4 h3 84. Ke3 Kg4 85. Kf2 Kh4 86. Qxh2 Kg4 1-0


[Site "https://www.chess.com"]

[Event "Titled Tuesday Blitz August 22 Late 2023"]
[White "Santos Flores, Alberto"]
[Black "Colpe, Malte"]
[WhiteFideId "3601234"]
[BlackFideId "24623075"]
[WhiteElo "2573"]
[BlackElo "2427"]
[Result "0-1"]
[Round "6"]
[TimeControl "180+1"]
[Date "2023.08.22"]
[WhiteClock "0:00:05"]
[BlackClock "0:00:18"]
[Board "98"]

1. e4 c5 2. Nf3 d6 3. Bb5+ Nc6 4. Bxc6+ bxc6 5. O-O e5 6. d3 Ne7 7. Nc3 Ng6 8. Ne2 Be7 9. Nd2 O-O 10. f4 exf4 11. Nxf4 Nxf4 12. Rxf4 f5 13. exf5 Bg5 14. Rf1 Bxf5 15. Ne4 Bxc1 16. Qxc1 Bxe4 17. dxe4 Rxf1+ 18. Qxf1 Qf6 19. Qxf6 gxf6 20. Kf2 Kf7 21. Rd1 Ke6 22. Rd3 Rb8 23. b3 Rb4 24. c4 a5 25. Rh3 a4 26. Ke2 axb3 27. axb3 Rb7 28. Kd2 Rg7 29. g3 Ra7 30. Kc3 Ke5 31. Rh4 Rg7 32. Kd3 Rb7 33. Rh5+ Ke6 34. Kc3 Ra7 35. Kb2 Rg7 36. Kc3 Ra7 37. Kb2 Rg7 38. Kc3 Kf7 39. b4 Kg6 40. Rf5 cxb4+ 41. Kxb4 Rb7+ 42. Kc3 Rb1 43. Ra5 Re1 44. Kd3 Rd1+ 45. Kc3 c5 46. Ra6 Kg5 47. Ra7 h5 48. Rg7+ Kh6 49. Rd7 Kg6 50. Rd8 Rd4 51. Rd7 Kh6 52. Rd8 Kg6 53. Rd7 f5 54. exf5+ Kxf5 55. Rg7 Kf6 56. Rg8 Kf7 57. Rg5 h4 58. g4 h3 59. Rh5 Rxg4 60. Rxh3 Rg1 61. Rh6 Ke7 62. h4 Rg3+ 63. Kd2 Rh3 64. Rh8 Ke6 65. h5 Ke5 66. h6 Kd4 67. h7 Kxc4 68. Ke2 d5 69. Kd2 Rh2+ 70. Ke3 d4+ 71. Ke4 d3 72. Ke3 Kc3 73. Rd8 Rh3+ 74. Ke4 d2 0-1


[Site "https://www.chess.com"]

[Event "Titled Tuesday Blitz August 22 Late 2023"]
[White "Sala, Giulia"]
[Black "Musovic, Armin"]
[WhiteFideId "2840451"]
[BlackFideId "939935"]
[WhiteElo "2328"]
[BlackElo "2550"]
[Result "1-0"]
[Round "6"]
[TimeControl "180+1"]
[Date "2023.08.22"]
[WhiteClock "0:00:13"]
[BlackClock "0:00:12"]
[Board "99"]

1. d4 d5 2. c4 c5 3. dxc5 e6 4. cxd5 Bxc5 5. Nc3 Nf6 6. dxe6 Qxd1+ 7. Nxd1 Bxe6 8. Be3 Bb4+ 9. Bd2 Nc6 10. Bc3 O-O-O 11. Nf3 Ne4 12. e3 Kb8 13. Be2 g5 14. a3 Nxc3 15. Nxc3 Be7 16. O-O g4 17. Ne1 Rd2 18. Nd3 Bb3 19. Rfe1 h5 20. Ne4 Rc2 21. Rac1 Rd8 22. Nec5 Bxc5 23. Rxc2 Bxc2 24. Nxc5 Rd2 25. h3 f5 26. hxg4 hxg4 27. f3 Ne5 28. Kf1 b6 29. Ne6 Bb3 30. Nd4 Rxb2 31. Nxf5 gxf3 32. gxf3 Nc6 33. Rc1 Na5 34. f4 Be6 35. Nd4 Bh3+ 36. Ke1 Ra2 37. Bf3 a6 38. f5 Rxa3 39. f6 Rxe3+ 40. Kf2 Re8 41. f7 Rf8 42. Bd5 Bg4 43. Rg1 Bh5 44. Rg8 Kc7 45. Rxf8 Bxf7 46. Rxf7+ Kd6 47. Bf3 b5 48. Rf6+ Kc5 49. Rxa6 Nc4 50. Nxb5 Kxb5 51. Ra1 Kc5 52. Rc1 Kd4 53. Rd1+ Ke5 54. Kg3 Nd6 55. Rd5+ Ke6 56. Ra5 Nf5+ 57. Kf4 Ne7 58. Ra6+ Kd7 59. Bg4+ Kc7 60. Ra7+ Kd6 61. Rd7+ Kc5 62. Rxe7 Kb4 63. Re5 Ka3 64. Ke4 Kb2 65. Kd4 Ka1 66. Rb5 Ka2 67. Kc3 Ka3 68. Ra5# 1-0


[Site "https://www.chess.com"]

[Event "Titled Tuesday Blitz August 22 Late 2023"]
[White "Jorajuria Mendoza, Algol"]
[Black "Grossboss19"]
[WhiteFideId "5128897"]
[WhiteElo "2421"]
[BlackElo "2529"]
[Result "0-1"]
[Round "6"]
[TimeControl "180+1"]
[Date "2023.08.22"]
[WhiteClock "0:00:07"]
[BlackClock "0:00:52"]
[Board "100"]

1. e4 c6 2. d4 d5 3. e5 c5 4. dxc5 e6 5. Nf3 Bxc5 6. a3 a5 7. Nc3 Nc6 8. Bb5 Ne7 9. Na4 Ba7 10. c4 O-O 11. c5 Ng6 12. Qe2 Qc7 13. Bxc6 bxc6 14. O-O Bb8 15. Re1 Ba6 16. Qc2 Ba7 17. h4 h6 18. h5 Ne7 19. Bf4 Bb5 20. Rac1 Rfb8 21. Nc3 Bc4 22. Nd2 Ba6 23. Ne2 Bxe2 24. Rxe2 Rb5 25. Be3 Qxe5 26. Nf3 Qf5 27. Qd2 Qxh5 28. a4 Rb4 29. Nd4 Bb8 30. g3 e5 31. Nb3 Rxb3 0-1


[Site "https://www.chess.com"]

[Event "Titled Tuesday Blitz August 22 Late 2023"]
[White "Hercegovac, Neven"]
[Black "Fernandez, Nelson Wilfredo"]
[WhiteFideId "2839135"]
[BlackFideId "8401594"]
[WhiteElo "2317"]
[BlackElo "2527"]
[Result "0-1"]
[Round "6"]
[TimeControl "180+1"]
[Date "2023.08.22"]
[WhiteClock "0:00:12"]
[BlackClock "0:00:15"]
[Board "101"]

1. d4 d5 2. Bf4 Nf6 3. e3 c5 4. Nf3 Nc6 5. Nbd2 Bf5 6. Bb5 e6 7. O-O Rc8 8. c4 Be7 9. dxc5 O-O 10. Bxc6 bxc6 11. cxd5 Nxd5 12. Bg3 Bd3 13. Re1 Bxc5 14. Rc1 Bb6 15. Ne5 Ba6 16. Rxc6 f6 17. Rxc8 Qxc8 18. Nef3 Rd8 19. a3 Kh8 20. h3 e5 21. Qa4 Bb7 22. Nc4 Bc6 23. Nxb6 Bxa4 24. Nxc8 Rxc8 25. Re2 Bb3 26. Rd2 Rc1+ 27. Kh2 g5 28. e4 Nb6 29. h4 h6 30. hxg5 hxg5 31. Kh3 Be6+ 32. Kh2 Bb3 33. Kh3 Rh1+ 34. Kg4 Be6# 0-1


[Site "https://www.chess.com"]

[Event "Titled Tuesday Blitz August 22 Late 2023"]
[White "Loay, Sameer"]
[Black "Florianovitz, Derlei Alex"]
[WhiteFideId "8104239"]
[BlackFideId "2114178"]
[WhiteElo "2521"]
[BlackElo "2222"]
[Result "1-0"]
[Round "6"]
[TimeControl "180+1"]
[Date "2023.08.22"]
[WhiteClock "0:01:30"]
[BlackClock "0:00:00"]
[Board "102"]

1. Nf3 c5 2. g3 Nc6 3. Bg2 g6 4. O-O Bg7 5. d3 e5 6. c4 Nge7 7. Nc3 d6 8. Ne1 Be6 9. Nc2 d5 10. cxd5 Nxd5 11. Ne3 Nxc3 12. bxc3 O-O 13. Rb1 Rb8 14. c4 Qd7 15. Nd5 Ne7 16. Nxe7+ Qxe7 17. a4 b6 18. a5 Qd7 19. Ba3 Rfc8 20. Qc2 b5 21. cxb5 Rxb5 22. a6 c4 23. Bb7 Rc7 24. Rxb5 Qxb5 25. Rb1 Qd7 26. dxc4 Rxc4 27. Qd1 e4 28. Qxd7 Bxd7 29. Rd1 Rd4 30. Rc1 h5 31. Bc5 Ra4 32. Bxa7 Bb5 33. Rc7 Bxa6 34. Bd5 Bxe2 35. Bxf7+ Kh8 36. Rc8+ Kh7 37. Bg8+ Kh6 38. Be3+ g5 39. Rc6+ Bf6 40. Rxf6+ Kg7 41. Bxg5 Kxg8 42. Kg2 Bf3+ 43. Kh3 Ra2 44. Be3 Kg7 45. Rf4 Rb2 46. Kh4 Rb1 47. Bd4+ Kg6 48. Rf6+ Kh7 49. Kg5 Rb5+ 50. Kf4 Rb1 51. h4 Rb5 52. Rf7+ Kg6 53. Rg7+ Kh6 54. Rc7 Kg6 55. Rc6+ Kh7 56. Be3 1-0


[Site "https://www.chess.com"]

[Event "Titled Tuesday Blitz August 22 Late 2023"]
[White "GAO"]
[Black "Bettalli, Francesco"]
[BlackFideId "2816453"]
[WhiteElo "2288"]
[BlackElo "2518"]
[Result "1/2-1/2"]
[Round "6"]
[TimeControl "180+1"]
[Date "2023.08.22"]
[WhiteClock "0:00:10"]
[BlackClock "0:01:02"]
[Board "103"]

1. e4 e5 2. Nf3 Nf6 3. Nxe5 Nc6 4. Nxc6 dxc6 5. d3 Bc5 6. h3 h5 7. Nc3 Be6 8. Be3 Bxe3 9. fxe3 Qd6 10. Qf3 O-O-O 11. O-O-O Kb8 12. d4 Qb4 13. Bd3 Qa5 14. a3 Qg5 15. Kb1 h4 16. Qf4 Qa5 17. Rhf1 Rh5 18. Be2 Rg5 19. e5 Nh7 20. Qxh4 Rh8 21. g4 Rg6 22. g5 Rxg5 23. Bd3 g6 24. Ne4 Rh5 25. Qe7 Qd5 26. c4 Qd8 27. Qxd8+ Rxd8 28. Nc5 Rxh3 29. Nxe6 fxe6 30. Bxg6 Nf8 31. Bc2 Rxe3 32. Rf6 b6 33. Rdf1 Nd7 34. Rxe6 c5 35. Re7 cxd4 36. Rff7 d3 37. Rxd7 Rxd7 38. Rxd7 Re1+ 39. Bd1 Rxd1+ 40. Ka2 Kb7 41. e6 Kc6 42. Rd5 a6 43. e7 Re1 44. Rxd3 Rxe7 45. b4 Re4 46. Kb3 Rh4 47. Rg3 Rh6 48. Kc3 b5 49. Kb3 bxc4+ 50. Kxc4 Rh4+ 51. Kb3 Kb6 52. Rg6+ c6 53. Rg3 Kb5 54. Rc3 Kb6 55. Rd3 Re4 56. Rc3 Rf4 57. a4 a5 58. bxa5+ Kxa5 59. Rxc6 Rf3+ 60. Rc3 Rxc3+ 61. Kxc3 Kxa4 1/2-1/2


[Site "https://www.chess.com"]

[Event "Titled Tuesday Blitz August 22 Late 2023"]
[White "Haydon, David L"]
[Black "Sernecki, Franciszek"]
[WhiteFideId "415405"]
[BlackFideId "1169297"]
[WhiteElo "2710"]
[BlackElo "2430"]
[Result "0-1"]
[Round "6"]
[TimeControl "180+1"]
[Date "2023.08.22"]
[WhiteClock "0:00:02"]
[BlackClock "0:00:39"]
[Board "104"]

1. d4 d5 2. Nf3 Nf6 3. e3 a6 4. c4 c6 5. Nc3 Bf5 6. Bd3 Bxd3 7. Qxd3 e6 8. O-O Nbd7 9. e4 dxe4 10. Nxe4 Nxe4 11. Qxe4 Nf6 12. Qe2 Bd6 13. Bg5 O-O 14. Rad1 h6 15. Bh4 Be7 16. Ne5 Nd7 17. Bg3 Nxe5 18. Bxe5 Bf6 19. f4 Bxe5 20. fxe5 Qe7 21. Rf4 Rad8 22. h4 Rd7 23. Rdf1 Qb4 24. b3 Rfd8 25. Qe3 Qb6 26. Kh2 Rxd4 27. Rg4 c5 28. Rff4 Rxf4 29. Rxf4 Rd4 30. Kh3 Qd8 31. Rxd4 Qxd4 32. Qxd4 cxd4 33. Kg4 f6 34. exf6 gxf6 35. Kf4 Kf7 36. Ke4 e5 37. g4 Ke6 38. c5 Kd7 39. b4 Kc6 40. a4 a5 41. bxa5 Kxc5 42. Kd3 Kd5 0-1


[Site "https://www.chess.com"]

[Event "Titled Tuesday Blitz August 22 Late 2023"]
[White "Silva Lucena, Cristian"]
[Black "Perske, Thore"]
[WhiteFideId "2232588"]
[BlackFideId "12902195"]
[WhiteElo "2427"]
[BlackElo "2674"]
[Result "0-1"]
[Round "6"]
[TimeControl "180+1"]
[Date "2023.08.22"]
[WhiteClock "0:00:45"]
[BlackClock "0:00:22"]
[Board "105"]

1. e4 e6 2. d4 d5 3. e5 c5 4. c3 Nc6 5. Nf3 Nge7 6. a3 Bd7 7. b4 cxd4 8. cxd4 Nf5 9. Bb2 b5 10. Bd3 a5 11. O-O axb4 12. axb4 Rxa1 13. Bxa1 Nxb4 14. Bxf5 exf5 15. Nc3 Be7 16. Qb3 Qa8 17. Bb2 O-O 18. Ba3 Nc6 19. Ra1 b4 20. Bb2 Qb7 21. Nxd5 Be6 22. Nxe7+ Nxe7 23. Qd3 Nd5 24. h4 Rc8 25. Ng5 Qc6 26. Rc1 Qd7 27. Rxc8+ Qxc8 28. g3 h6 29. Nxe6 fxe6 30. Qb5 Kf7 31. h5 Qc7 32. Kg2 f4 33. Kh3 fxg3 34. fxg3 Qc2 35. Qb7+ Qc7 36. Qb5 Qe7 37. Qf1+ Kg8 38. Bc1 Qb7 39. Qd3 b3 40. Qg6 Qf7 41. Qd3 Qf5+ 42. Qxf5 exf5 43. Bb2 Nb4 44. Kg2 Nd3 45. Bc3 b2 46. Bxb2 Nxb2 47. Kf3 Kf7 48. d5 Nc4 49. Kf4 Nb6 50. d6 Ke6 51. d7 Nxd7 52. g4 fxg4 53. Kxg4 Nxe5+ 0-1


[Site "https://www.chess.com"]

[Event "Titled Tuesday Blitz August 22 Late 2023"]
[White "Karttunen, Mika"]
[Black "Kupervaser, Erez"]
[WhiteFideId "502081"]
[BlackFideId "2814587"]
[WhiteElo "2626"]
[BlackElo "2427"]
[Result "1-0"]
[Round "6"]
[TimeControl "180+1"]
[Date "2023.08.22"]
[WhiteClock "0:00:06"]
[BlackClock "0:00:12"]
[Board "106"]

1. c4 c6 2. Nc3 Nf6 3. e4 d6 4. d4 g6 5. f4 Bg7 6. e5 Nfd7 7. h4 dxe5 8. dxe5 Nc5 9. Qxd8+ Kxd8 10. Be3 Nbd7 11. b4 Ne6 12. Nf3 f6 13. O-O-O Kc7 14. exf6 exf6 15. Ne4 f5 16. Nd6 c5 17. Nb5+ Kb8 18. Rd6 Re8 19. h5 a6 20. Na3 cxb4 21. Nc2 Kc7 22. Rd1 a5 23. hxg6 hxg6 24. Rh7 Rh8 25. Rxh8 Bxh8 26. Nh4 Ndf8 27. c5 Bf6 28. Nf3 Bd7 29. Bc4 Rd8 30. Rh1 Bc6 31. Rh6 Bg7 32. Rh3 Be4 33. Rg3 Bc3 34. Bxe6 Nxe6 35. Rxg6 Re8 36. Ne5 a4 37. Rg3 b3 38. axb3 axb3 39. Na3 Ra8 40. Nec4 Kc6 41. Rg6 Kd5 42. Nb6+ Kc6 43. Nxa8 Kd5 44. Nb6+ Kc6 45. Nbc4 Kc7 46. Nb2 Nd4 47. Bxd4 Bxd4 48. Nb5+ 1-0


[Site "https://www.chess.com"]

[Event "Titled Tuesday Blitz August 22 Late 2023"]
[White "Avila Rodriguez, Joshua Ad"]
[Black "Garcia Blanco, Omar"]
[WhiteFideId "5126444"]
[BlackFideId "2287153"]
[WhiteElo "2426"]
[BlackElo "2610"]
[Result "0-1"]
[Round "6"]
[TimeControl "180+1"]
[Date "2023.08.22"]
[WhiteClock "0:00:00"]
[BlackClock "0:00:36"]
[Board "107"]

1. e4 c5 2. Nf3 e6 3. d4 cxd4 4. Nxd4 Nc6 5. Nc3 Qc7 6. Be3 a6 7. Qf3 Bd6 8. Nxc6 bxc6 9. O-O-O Be5 10. Bd4 Nf6 11. Bxe5 Qxe5 12. Bd3 Rb8 13. h4 h5 14. Rhe1 a5 15. Qe3 Ng4 16. Qe2 Qf4+ 17. Rd2 Ne5 18. g3 Qg4 19. Rf1 Nf3 20. Rdd1 d6 21. Qe3 Ne5 22. Be2 Qg6 23. Rxd6 O-O 24. Qg5 Qxg5+ 25. hxg5 g6 26. f4 Ng4 27. Bxg4 hxg4 28. Rxc6 Bb7 29. Rc7 Ba6 30. Rd1 Rfc8 31. Rxc8+ Rxc8 32. Rd6 Bb7 33. Kd2 Kg7 34. Ke3 Rh8 35. Rb6 Ba8 36. a3 Rh3 37. Ne2 Rh2 38. b4 axb4 39. axb4 Bxe4 40. c4 Bf3 41. Nd4 Rg2 42. c5 Rxg3 43. Nxf3 Rxf3+ 44. Ke2 Rxf4 45. c6 g3 46. c7 g2 47. c8=Q g1=Q 48. Qc3+ Kh7 49. Qe3 Qf1+ 50. Kd2 Rf2+ 51. Kc3 Rf3 0-1


[Site "https://www.chess.com"]

[Event "Titled Tuesday Blitz August 22 Late 2023"]
[White "Rosen, Eric"]
[Black "Dwilewicz, Katarzyna"]
[WhiteFideId "2032562"]
[BlackFideId "1148486"]
[WhiteElo "2572"]
[BlackElo "2425"]
[Result "1-0"]
[Round "6"]
[TimeControl "180+1"]
[Date "2023.08.22"]
[WhiteClock "0:00:37"]
[BlackClock "0:00:00"]
[Board "108"]

1. e4 c5 2. c3 d5 3. exd5 Qxd5 4. d4 Nf6 5. Nf3 e6 6. Na3 Nc6 7. Be3 cxd4 8. Nb5 Qd8 9. Nbxd4 Qc7 10. Nxc6 bxc6 11. Bd3 Bd6 12. Qa4 O-O 13. Qh4 Qe7 14. O-O-O Rb8 15. Ng5 h6 16. Ne4 Nxe4 17. Qxe7 Bxe7 18. Bxe4 c5 19. Bf4 Rb6 20. Kc2 f5 21. Bf3 Kf7 22. Rhe1 Rd8 23. Bc7 Rxd1 24. Rxd1 Ra6 25. a3 Bf6 26. g3 e5 27. Bd5+ Be6 28. Bb7 Ra4 29. Bc6 Rg4 30. Bf3 Ra4 31. Bc6 Rg4 32. h3 Rg6 33. Bf3 Rg5 34. h4 e4 35. hxg5 hxg5 36. Be2 g6 37. Bb8 Be7 38. Bxa7 f4 39. a4 f3 40. Bb5 Bf5 41. Kb3 g4 42. Bc4+ Kf8 43. a5 Bg5 44. Bxc5+ Kg7 45. a6 e3 46. Bd4+ Kf8 47. a7 Be4 48. Bxe3 Bxe3 49. fxe3 Ke7 50. Bd5 f2 51. Bxe4 1-0


[Site "https://www.chess.com"]

[Event "Titled Tuesday Blitz August 22 Late 2023"]
[White "Badelka, Olga"]
[Black "Zeck_CH"]
[WhiteFideId "13509926"]
[WhiteElo "2564"]
[BlackElo "2421"]
[Result "0-1"]
[Round "6"]
[TimeControl "180+1"]
[Date "2023.08.22"]
[WhiteClock "0:00:00"]
[BlackClock "0:00:03"]
[Board "109"]

1. d4 c5 2. d5 e5 3. e4 d6 4. f3 Be7 5. a4 Bg5 6. Nd2 a6 7. Bd3 Nd7 8. Nh3 Bh6 9. Nf2 Ne7 10. Ng4 Bg5 11. Nc4 Bxc1 12. Nxd6+ Kf8 13. Qxc1 h5 14. Nf2 Ng6 15. g3 h4 16. Rg1 hxg3 17. hxg3 Nf6 18. Nxc8 Rxc8 19. Qe3 c4 20. Bf1 Qa5+ 21. c3 Rh2 22. Bh3 Rd8 23. Bf5 Ne7 24. Bh3 Nexd5 25. exd5 Nxd5 26. Qc1 Qb6 27. Rg2 Rxg2 28. Bxg2 Ne3 29. Bf1 f5 30. a5 Qc5 31. Ra4 f4 32. Ne4 Qb5 33. Rb4 Qd7 34. Be2 Qh3 35. Nf2 Qxg3 36. Bf1 Qxf3 37. Rb6 Kg8 38. Rb4 Kh8 39. b3 Qg3 40. bxc4 Rd1+ 41. Qxd1 Nxd1 0-1


[Site "https://www.chess.com"]

[Event "Titled Tuesday Blitz August 22 Late 2023"]
[White "brm72"]
[Black "chessmateto"]
[WhiteElo "2548"]
[BlackElo "2421"]
[Result "1-0"]
[Round "6"]
[TimeControl "180+1"]
[Date "2023.08.22"]
[WhiteClock "0:01:35"]
[BlackClock "0:01:06"]
[Board "110"]

1. e4 c6 2. d4 d5 3. e5 Bf5 4. Nf3 e6 5. Be2 Nd7 6. O-O Ne7 7. Nbd2 h6 8. a4 g5 9. Nb3 Bg6 10. Bd2 c5 11. c4 cxd4 12. Nfxd4 Bg7 13. Bh5 Bxe5 14. cxd5 Bxh5 15. Qxh5 Nf6 16. Qh3 Nexd5 17. Rfe1 Bxd4 18. Nxd4 g4 19. Qh4 Qd7 20. Rac1 Nb6 21. Qxf6 Rg8 22. Nxe6 Rg6 23. Qh8+ 1-0


[Site "https://www.chess.com"]

[Event "Titled Tuesday Blitz August 22 Late 2023"]
[White "Bueno, Alfeu Junior Varela"]
[Black "Guerra Tulcan, Lenin"]
[WhiteFideId "2108879"]
[BlackFideId "3601382"]
[WhiteElo "2417"]
[BlackElo "2545"]
[Result "0-1"]
[Round "6"]
[TimeControl "180+1"]
[Date "2023.08.22"]
[WhiteClock "0:00:10"]
[BlackClock "0:01:24"]
[Board "111"]

1. e4 c5 2. Nc3 e6 3. f4 Nc6 4. Nf3 d5 5. Bb5 Ne7 6. exd5 exd5 7. Qe2 a6 8. Bxc6+ bxc6 9. b3 h6 10. Ba3 Qa5 11. Na4 Bf5 12. Bxc5 Bxc2 13. Nd4 Be4 14. Bxe7 Bxe7 15. Nxc6 Bh4+ 16. g3 Qb5 17. Qe3 O-O 18. O-O-O Qxc6+ 19. Kb2 Bf6+ 0-1


[Site "https://www.chess.com"]

[Event "Titled Tuesday Blitz August 22 Late 2023"]
[White "Leebit02"]
[Black "Ronka, Erik"]
[BlackFideId "505080"]
[WhiteElo "2543"]
[BlackElo "2416"]
[Result "1-0"]
[Round "6"]
[TimeControl "180+1"]
[Date "2023.08.22"]
[WhiteClock "0:01:02"]
[BlackClock "0:00:00"]
[Board "112"]

1. Nf3 d5 2. e3 Nf6 3. b3 Bg4 4. Be2 Nbd7 5. Bb2 e6 6. c4 c6 7. h3 Bh5 8. Nc3 Bd6 9. d4 O-O 10. O-O Qe7 11. Qc2 e5 12. dxe5 Nxe5 13. Nh4 Bxe2 14. Nxe2 g6 15. g3 Rfe8 16. Rae1 dxc4 17. bxc4 Rad8 18. Nd4 Ba3 19. Ba1 Qc5 20. Nb3 Qe7 21. e4 Nfd7 22. f4 Bc5+ 23. Kg2 Nxc4 24. Qxc4 1-0


[Site "https://www.chess.com"]